 Dungeon Crawl Stone Soup version bcrawl-1.40.1 (webtiles) character file.

Game seed: 6531053392097074357

8257073 Rhok the Devastator (level 17, -5/156 HPs)
             Began as a Djinni Fire Elementalist on Oct 29, 2023.
             Was the Champion of Sif Muna.
             Slain by a spark wasp (15 damage)
             ... on level 1 of the Spriggan Forest on Oct 31, 2023.
             The game lasted 02:31:27 (34394 turns).

Rhok the Devastator (Djinni Fire Elementalist)     Turns: 34394, Time: 02:31:28

Health: -5/156     AC: 15    Str: 11    XL:     17   Next: 70%
Magic:  44/57      EV: 17    Int: 25    God:    Sif Muna [******]
Gold:   1255       SH:  5    Dex: 11    Spells: 9/50 levels left

rFire    + . .     GDR:     23% r - staff of power
rCold    . . .     SeeInvis .   (no shield)
rNeg     . . .     Gourm    .   l - +2 robe {RegenMP}
rPois    .         Faith    .   n - +2 helmet
rElec    .         Spirit   .   Z - +2 cloak
rCorr    .         Reflect  +   R - +2 pair of gloves
MR       ++...     Rnd*Rage +   (boots unavailable)
Stlth    ++........             m - +5 amulet of reflection
HPRegen  0.36/turn              O - ring of protection from magic
MPRegen  0.70/turn              E - ring of wizardry

@: flying
A: never pass out, molten scales 1, berserk 2, blink, blurry vision 2, fire
resistance 1, high mp 2, wild magic 3, disrupted magic 1, MP-powered wands,
floating
}: 1/15 runes: gossamer
a: Blink, Divine Energy, Channel Magic, Forget Spell, Moment of Magic, Renounce
Religion


You were on level 1 of the Spriggan Forest.
You worshipped Sif Muna.
Sif Muna was exalted by your worship.
You were not hungry.

You visited 7 branches of the dungeon, and saw 26 of its levels.
You also visited: Ice Cave.

You collected 2567 gold pieces.
You spent 1312 gold pieces at shops.

Inventory:

Hand Weapons
 d - the +3 battleaxe "Hafuuqu" {flame, +Fly MR+}
   (You found it in an ice cave)

   It has been specially enchanted to surge with flame as it hits, increasing
   damage dealt by approximately one third against foes not resistant or
   susceptible to fire.
   Its heat also prevents any hydra heads it cuts off from regrowing.
   It affects your resistance to hostile enchantments.
   It lets you fly.
 N - the +3 mace "Widowmaker" {holy, rPois SInv}
   (You found it on level 4 of the Lair of Beasts)

   It has been blessed by the Shining One to cause great damage to the undead
   and demons.
   It protects you from poison.
   It lets you see invisible.
Missiles
 j - 682 poisoned tomahawks (quivered)
 J - 3 throwing nets {=f}
Armour
 l - a +2 robe of magic recovery (worn)
 n - a +2 helmet (worn)
 D - a +2 leather armour of magic resistance
 R - a +2 pair of gloves (worn)
 Y - a +1 hat of magic resistance
 Z - a +2 cloak (worn)
Magical Staves
 r - an uncursed staff of power (weapon)
Jewellery
 c - a +4 ring of protection
 m - a +5 amulet of reflection (around neck)
 B - an uncursed ring of protection from fire
 C - an uncursed ring of protection from cold
 E - a ring of wizardry (right hand)
 F - a +6 ring of protection
 O - a ring of protection from magic (left hand)
 T - an uncursed ring of see invisible
 X - an uncursed ring of insulation
Wands
 o - a wand of acid (6)
 p - a wand of digging (5)
 w - a wand of polymorph (14)
 A - a wand of charming (7)
 K - a wand of paralysis (33)
 S - a wand of clouds (10)
 V - a wand of iceblast (5)
Scrolls
 b - 6 scrolls of enchant weapon
 f - 12 scrolls of remove curse
 g - 4 scrolls of fog
 i - a scroll of identify
 q - 6 scrolls of teleportation
 t - 4 scrolls of blinking
 v - 3 scrolls of revelation
 G - 2 scrolls of fear
 M - 2 scrolls of immolation
 Q - a scroll of vulnerability
Potions
 a - 4 potions of resistance
 h - 2 potions of berserk rage
 k - 6 potions of might
 s - 2 potions of heal wounds
 u - 3 potions of mutation
 x - 5 potions of ambrosia
 z - 4 potions of brilliance
 H - 5 potions of cancellation
 I - 4 potions of haste
 L - a potion of lignification
 U - a potion of agility
 W - a potion of magic
Miscellaneous
 P - a sack of spiders
Comestibles
 e - 58 rations {!d}
 y - 3 chunks of flesh


   Skills:
 - Level 15.0 Fighting
 * Level 11.9 Dodging
 - Level 1.5 Stealth
 - Level 17.0 Spellcasting
 - Level 17.0 Conjurations
 - Level 4.0 Hexes
 - Level 10.0 Summonings
 - Level 9.0 Fire Magic
 - Level 4.0 Air Magic
 - Level 7.0 Invocations
 - Level 7.0 Evocations


You had 9 spell levels left.
You knew the following spells:

 Your Spells              Type           Power        Failure   Level  Hunger
a - Regeneration          Chrm/Necr      #####.....   12%         3    None
b - Sticky Flame          Conj/Fire      ########     1%          4    None
c - Fireball              Conj/Fire      ########..   2%          5    None
d - Orb of Destruction    Conj           ########..   6%          7    ####...
e - Spellforged Servitor  Conj/Summ      ########..   13%         7    ####...
f - Summon Mana Viper     Hex/Summ       #######.     9%          5    None
g - Summon Lightning Spi  Summ/Air       #######.     9%          5    None
h - Iskenderun's Battles  Conj/Chrm      #######.     6%          5    None

Your spell library contained the following spells:

 Spells                   Type           Power        Failure   Level  Hunger
 Flame Tongue             Conj/Fire      #####        1%          1    None
 Sting                    Conj/Pois      ####         1%          1    None
 Summon Butterflies       Summ           #######.     1%          1    None
 Summon Small Mammal      Summ           ####         1%          1    None
 Call Imp                 Summ           ######       1%          2    None
 Shock                    Conj/Air       #######      1%          2    None
 Call Canine Familiar     Summ           #######.     1%          3    None
 Conjure Flame            Conj/Fire      ########     1%          3    None
 Dazzling Orbs            Conj/Hex       #######      1%          3    None
 Fulminant Prism          Conj/Hex       #######...   2%          4    None
 Lightning Bolt           Conj/Air       #######.     2%          4    None
 Corona                   Hex            ######.      3%          1    None
 Slow                     Hex            ######..     3%          1    None
 Flaming Arrows           Chrm/Fire      ######..     3%          2    None
 Inner Flame              Hex/Fire       N/A          3%          3    None
 Confuse                  Hex            ######..     4%          3    None
 Tukima's Dance           Hex            ######..     4%          3    None
 Summon Demon             Summ           #######...   4%          5    None
 Ensorcelled Hibernation  Hex/Ice        ######       5%          2    None
 Poisonous Vapours        Pois/Air       ######       5%          2    None
 Swiftness                Chrm/Air       ######..     5%          2    None
 Apportation              Tloc           #####.       6%          1    None
 Infusion                 Chrm           #####...     6%          1    None
 Necrotize                Necr           #####.       6%          1    None
 Sandblast                Erth           #####.       6%          1    None
 Ignite Poison            Fire/Tmut/Pois ######..     6%          3    None
 Bolt of Draining         Conj/Necr      #######...   6%          5    None
 Venom Bolt               Conj/Pois      #######...   6%          5    None
 Spectral Weapon          Hex/Chrm       ######..     8%          3    None
 Summon Ice Beast         Ice/Summ       ######..     8%          4    None
 Summon Scorpions         Summ/Pois      ######..     8%          4    None
 Corpse Rot               Necr           N/A          9%          2    None
 Sublimation of Blood     Necr           #####.....   9%          2    None
 Cause Fear               Hex            ######....   10%         4    None
 Conjure Ball Lightning   Conj/Air       #######...   10%         6    None
 Vampiric Draining        Necr           #####.....   12%         3    None
 Aura of Abjuration       Summ           #######...   12%         6    None
 Summon Hydra             Summ           #######...   12%         6    None
 Yara's Violent Unravell  Hex/Tmut       ######....   16%         4    None
 Agony                    Necr           #####...     28%         4    None
 Animate Dead             Necr           N/A          28%         4    None
 Olgreb's Toxic Radiance  Pois           #####....    28%         4    None
 Mana Rupture             Conj/Hex       #######...   30%         7    ####...
 Freezing Cloud           Ice/Air        ######..     32%         5    None
 Monstrous Menagerie      Summ           #######...   34%         7    ####...
 Summon Greater Demon     Summ           #######...   34%         7    ####...
 Dispel Undead            Necr           #####...     52%         5    None
 Darkness                 Hex            ######....   52%         6    None
 Invisibility             Hex            ######..     52%         6    None
 Deflect Missiles         Chrm/Air       ######....   77%         6    None
 Virulence                Hex/Pois       ######..     77%         6    None
 Haunt                    Necr/Summ      ######....   87%         7    ####...
 Summon Horrible Things   Summ           #######...   87%         8    #####..
 Borgnjor's Vile Clutch   Necr/Erth      #####.....   93%         6    None
 Discord                  Hex            ######....   94%         7    ####...
 Glaciate                 Conj/Ice/Air   #######...   99%         8    #####..
 Scorpion Form            Tmut/Pois      #####.....   100%        7    ####...
 Borgnjor's Revivificati  Necr           #####.....   100%        8    #####..
 Time Stop                Chrm/Tloc      N/A          100%        8    #####..
 Dragon's Call            Summ           #######...   100%        9    ######.


Dungeon Overview and Level Annotations

Branches:
Dungeon (11/12)            Temple (1/1) D:5            Lair (6/6) D:7
 Shoals (3/3) Lair:3       Spider (3/3) Lair:2        Slime (0/5) Orc
    Orc (1/1) D:10         Forest (1/3) Lair:5
 Vaults: D:11-12

Altars:
Ashenzari
Cheibriados
Dithmenos
Elyvilon
Fedhas
Gozag
Hepliaklqana
Kikubaaqudgha
Lugonu
Makhleb
Nemelex Xobeh
Okawaru
Qazlal
Ru
Sif Muna
Trog
Uskayaw
Vehumet
Wu Jian
Xom
Yredelemnul
Zin
The Shining One
Jiyva

Shops:
D:5 :   D:6 }   D:11 [   Orc ([!%   Shoals:1 *

Annotations:
D:5 2 transporters, Rhok's ghost, novice DrHu
D:9 exclusion: fire dragon
Lair:3 exclusion: downstairs
Lair:5 exclusion: downstairs
Shoals:1 exclusion: downstairs


Innate Abilities, Weirdness & Mutations

You never pass out after going berserk.
You often lose your temper in combat.
You can translocate small distances at will.
Scrolls take you longer to read.
Your flesh is heat resistant. (rF+)
You have a considerably increased reservoir of magic. (+20% MP)
Your spells are much harder to cast, but much more powerful.
Your casting is slightly disrupted.
You expend magic power (3 MP) to strengthen your wands.
Your body floats in the air.
You are partially covered in molten scales. (AC +2)


Message History

Unknown command.
Unknown command.
Castin': Summon Mana Viper (safe; 9% risk o' failure) Confirm wit' . or Enter, or press ? or * ta list all spells.
Aimin': Summon Lightnin' Spire (safe; 9% risk o' failure)
Press: ? - help, Dir - move target cursor, p - spark wasp An electric hum fills tha air.
Tha spark wasp closely misses ye.
Tha spark wasp misses yer mana viper.
Ye barely miss tha spark wasp.
Tha spark wasp be almost dead.
Tha spark wasp stin's ye!!
* * * LOW HITPOINT WARNIN'
* * * Tha spark wasp shocks ye!
* * * LOW HITPOINT WARNIN'
* * * Yer mana viper bites tha spark wasp but does nay damage.
Yer mana viper closely misses tha spark wasp.
Tha spark wasp stin's ye!
* * * LOW HITPOINT WARNIN'
* * * Tha spark wasp shocks ye!
Ye die...

♣.♣ ♣♣ ♣.♣♣♣♣♣♣
♣.♣ ♣.♣.♣.♣ ..♣.
♣♣.♣.♣♣♣.♣P♣
♣.♣.♣S♣.♣♣.
♣♣....y♣≈..
♣...♣.♣S♣8♣
♣.♣.♣.♣..y.♣
♣♣♣♣♣♣♣♣♣♣.♣.♣♣♣@♣
♣.♣.♣.♣.♣)♣.♣.♣♣♣♣
...♣.♣.♣♣♣.♣.♣.♣
..♣.♣.♣.♣♣♣...♣.♣
.♣♣♣♣♣♣♣♣♣.♣.♣♣♣..
♣.♣.♣ ♣♣.♣♣♣.♣.♣.♣
♣♣.♣♣♣ ♣.♣♣♣.♣.♣
♣.
♣.♣P.♣♣♣♣.♣...♣.♣
.♣.♣..♣♣.♣...♣ ♣.♣


You could see 2 spark wasps, 2 friendly mana vipers and a friendly lightning
spire.

Vanquished Creatures
  A titan (Shoals:2)
  3 ghost moths (Spider:3)
  2 orc warlords (Orc)
  2 emperor scorpions
  5 dire elephants
  2 entropy weavers
  5 spark wasps
  A merfolk javelineer (Shoals:2)
  A fire dragon (D:9)
  2 blizzard demons (IceCv)
  2 merfolk impalers (Shoals:2)
  5 hydras
  A death knight (D:10)
  2 merfolk aquamancers (Shoals:2)
  A merfolk avatar (Shoals:1)
  An anaconda (Lair:6)
  A sea snake (Shoals:1)
  A two-headed ogre (D:11)
  5 death yaks
  2 orc high priests (Orc)
  A lindwurm (D:7)
  A phantasmal warrior (D:10)
  3 harpies (Shoals:2)
  A wolf spider zombie (D:10)
  2 cyclopes
  A deep elf archer (Orc)
  3 deep elf magi
  2 orc knights (Orc)
  14 orb spiders
  22 wolf spiders
  2 orc sorcerers (Orc)
  3 manticores
  An ugly thing (D:10)
  5 black mambas
  12 elephants
  3 moths of wrath
  A merfolk siren (Lair:3)
  3 torpor snails
  A water nymph (Shoals:1)
  8 cane toads
  6 demonic crawlers
  25 jumping spiders
  6 freezing wraiths
  6 komodo dragons
  2 rime drakes (Lair:6)
  6 anaconda simulacra (IceCv)
  6 ice devils (IceCv)
  A polar bear (Lair:4)
  3 meliai (Spider:3)
  2 wind drakes (Shoals:1)
  6 trolls
  4 merfolk (Shoals:2)
  25 blink frogs
  12 hippogriffs
  A harpy skeleton (D:11)
  10 slime creatures
  2 meliai zombies (D:10)
  6 dream sheep
  20 tarantellas
  A tarantella (shapeshifter) (D:10)
  4 water elementals
  37 yaks
  2 basilisks (Lair:6)
  3 wraiths
  A dire elephant simulacrum (IceCv)
  3 wyverns
  17 redbacks
  A hungry ghost (D:11)
  A steam dragon (D:10)
  2 death yak simulacra (IceCv)
  3 harpy simulacra (IceCv)
  2 iron troll simulacra (IceCv)
  2 hydra simulacra (IceCv)
  2 wargs
  11 crocodiles
  An acid dragon (Lair:4)
  8 water moccasins
  3 black bears
  4 porcupines
  A soldier ant (D:10)
  29 orc warriors
  An ice beast (D:9)
  2 sky beasts
  4 phantoms
  An ettin simulacrum (IceCv)
  8 ogres
  3 wolves (Lair:2)
  A necrophage (D:8)
  5 bullfrogs
  3 kobold brigands
  6 centaurs
  A wyvern skeleton (D:9)
  4 scorpions
  12 killer bees
  11 wights
  5 electric eels (Lair:4)
  2 howler monkeys (D:6)
  19 orc priests
  6 crimson imps
  2 draconian simulacra (IceCv)
  5 hounds
  A bullfrog skeleton (D:4)
  2 bullfrog zombies (D:5)
  9 jellies
  5 iguanas
  13 worker ants
  21 orc wizards
  A spriggan simulacrum (IceCv)
  2 troll simulacra (IceCv)
  A killer bee zombie (D:6)
  A wolf simulacrum (IceCv)
  2 hound skeletons
  A worker ant zombie (D:7)
  3 naga simulacra (IceCv)
  9 adders
  A howler monkey skeleton (D:5)
  2 ogre simulacra (IceCv)
  3 shadow imps
  3 white imps (IceCv)
  A centaur simulacrum (IceCv)
  7 ufetubi (IceCv)
  8 oozes
  An adder zombie (D:8)
  A dart slug (D:5)
  7 worms
  8 leopard geckos
  86 orcs
  2 ball pythons (D:2)
  2 bats
  2 giant cockroaches
  A goblin (D:10)
  7 hobgoblins
  4 jackals (D:2)
  18 kobolds
  2 frilled lizards (D:2)
  A jackal zombie (D:5)
  4 rats
  9 plants
773 creatures vanquished.

Vanquished Creatures (collateral kills)
  Jorgrun (Shoals:1)
  A thorn hunter (Forest:1)
  A frost giant (Shoals:2)
  2 dire elephants (Forest:1)
  2 merfolk javelineers (Shoals:2)
  2 merfolk impalers (Shoals:2)
  2 merfolk avatars
  An anaconda (Forest:1)
  2 merfolk aquamancers
  3 sea snakes
  A spriggan (Forest:1)
  4 orb spiders (Spider:3)
  2 harpies (Shoals:2)
  6 wolf spiders (Spider:3)
  2 manticores
  3 fauns (Shoals:2)
  A merfolk siren (Shoals:2)
  3 water nymphs
  3 demonic crawlers
  6 jumping spiders
  4 merfolk
  A wind drake (Shoals:2)
  4 hornets
  A hippogriff (Shoals:1)
  4 snapping turtles
  2 tarantellas (Spider:3)
  3 water elementals
  8 redbacks (Spider:3)
  5 plants
80 creatures vanquished.

Vanquished Creatures (others)
  A ghost moth (Spider:3)
  A cyclops (Shoals:2)
  16 fungi
  34 plants
  11 toadstools (D:8)
63 creatures vanquished.

Grand Total: 916 creatures vanquished

Notes
Turn   | Place    | Note
-------+----------+-------------------------------------------
     0 | D:1      | Rhok the Djinni Fire Elementalist began the quest for the
                  | Orb.
     0 | D:1      | Reached XP level 1. HP: 14/14 MP: 4/4
   271 | D:1      | Reached XP level 2. HP: 18/20 MP: 0/6
   737 | D:2      | Found a hide-covered altar of Uskayaw.
   874 | D:2      | Found a white marble altar of Elyvilon.
   956 | D:2      | Reached XP level 3. HP: 26/26 MP: 6/8
  1221 | D:2      | Learned a level 3 spell: Conjure Flame
  1791 | D:3      | Reached skill level 5 in Spellcasting
  1791 | D:3      | Gained mutation: Your spells are harder to cast, but more
                  | powerful. [Djinni growth]
  1791 | D:3      | Gained mutation: You can translocate small distances at
                  | will. [Djinni growth]
  1791 | D:3      | Reached XP level 4. HP: 27/33 MP: 4/11
  2050 | D:3      | Found a bloodstained altar of Trog.
  2298 | D:3      | Found a shadowy altar of Dithmenos.
  2298 | D:3      | Found a corrupted altar of Lugonu.
  2441 | D:4      | Reached XP level 5. HP: 38/38 MP: 9/13
  2520 | D:4      | Gained mutation: Armour fits poorly on your strangely
                  | shaped body. [potion of mutation]
  2520 | D:4      | Lost mutation: Armour fits poorly on your strangely shaped
                  | body. [potion of mutation]
  2520 | D:4      | Gained mutation: You are partially covered in molten
                  | scales. (AC +2) [potion of mutation]
  2669 | D:4      | Found a basalt altar of Yredelemnul.
  2756 | D:4      | Learned a level 4 spell: Sticky Flame
  2762 | D:4      | Learned a level 5 spell: Fireball
  2896 | D:4      | Found a glowing silver altar of Zin.
  3170 | D:4      | Reached XP level 6. HP: 45/45 MP: 12/16
  3425 | D:4      | Found a shimmering altar of Xom.
  3428 | D:4      | Found a stormy altar of Qazlal.
  3428 | D:4      | Found a glowing golden altar of the Shining One.
  3429 | D:4      | Noticed an orc warrior
  3446 | D:4      | Killed an orc warrior
  3447 | D:4      | Reached skill level 5 in Conjurations
  3447 | D:4      | Reached XP level 7. HP: 50/50 MP: 8/18
  3472 | D:4      | Found an iron altar of Okawaru.
  3472 | D:4      | Found a bloodstained altar of Trog.
  3472 | D:4      | Found a stormy altar of Qazlal.
  3821 | D:5      | Entered Level 5 of the Dungeon
  4299 | D:5      | Found a glowing golden altar of the Shining One.
  4390 | D:5      | Found a transporter.
  4410 | D:5      | Noticed Rhok's ghost (novice DrHu)
  4411 | D:5      | Found a transporter.
  4431 | D:5      | Found a staircase to the Ecumenical Temple.
  4446 | Temple   | Entered the Ecumenical Temple
  4710 | Temple   | Became a worshipper of Sif Muna the Loreminder
  4896 | D:5      | Gained mutation: Your spells are much harder to cast, but
                  | much more powerful. [Djinni growth]
  4896 | D:5      | Reached XP level 8. HP: 50/57 MP: 14/20
  5036 | D:5      | Reached * piety under Sif Muna
  5175 | D:5      | Found Gupnexteka's Book Boutique.
  6068 | D:6      | Found Ceonkuwo's Gadget Shoppe.
  6375 | D:6      | Found an iron altar of Okawaru.
  6384 | D:6      | Reached ** piety under Sif Muna
  6384 | D:6      | Reached skill level 10 in Conjurations
  6686 | D:6      | Noticed a hippogriff
  6710 | D:6      | Killed a hippogriff
  6711 | D:6      | Reached skill level 5 in Fire Magic
  6798 | D:6      | Found a hazy altar of Hepliaklqana.
  7087 | D:7      | Received a gift from Sif Muna
  7087 | D:7      | Reached XP level 9. HP: 62/62 MP: 16/21
  7235 | D:5      | Paralysed by fainting for 12 turns
  7262 | D:6      | Paralysed by fainting for 10 turns
  7489 | D:7      | Found a staircase to the Lair.
  7490 | D:7      | Noticed a lindwurm
  7501 | D:7      | Killed a lindwurm
  7502 | D:7      | Reached *** piety under Sif Muna
  7743 | D:7      | Found a sparkling altar of Nemelex Xobeh.
  8334 | D:8      | Reached **** piety under Sif Muna
  8540 | D:8      | Reached XP level 10. HP: 79/79 MP: 15/22
  8640 | D:8      | Reached skill level 5 in Fighting
  9344 | D:9      | Noticed a fire dragon
  9416 | Lair:1   | Entered Level 1 of the Lair of Beasts
  9440 | Lair:1   | Noticed a black mamba
  9442 | Lair:1   | Killed a black mamba
  9522 | Lair:1   | Identified Aboc's Tome of Beguiling (Sif Muna gifted it to
                  | you on level 1 of the Lair of Beasts)
  9522 | Lair:1   | Received a gift from Sif Muna
  9523 | Lair:1   | Reached ***** piety under Sif Muna
  9581 | Lair:1   | Reached skill level 10 in Spellcasting
 10134 | Lair:1   | Noticed a cane toad
 10138 | Lair:1   | Killed a cane toad
 10143 | Lair:1   | Noticed a black mamba
 10307 | Lair:1   | Killed a black mamba
 10572 | Lair:2   | Got a bloodstained leather armour
 10735 | Lair:2   | Reached XP level 11. HP: 85/89 MP: 23/27
 11020 | Lair:2   | Found a hole to the Spider Nest.
 11446 | Lair:3   | Noticed an eight-headed hydra
 11449 | Lair:3   | Killed an eight-headed hydra
 11450 | Lair:3   | Reached ****** piety under Sif Muna
 11774 | Lair:3   | Found a staircase to the Shoals.
 11868 | Lair:3   | Reached skill level 5 in Dodging
 12329 | Lair:3   | Received a gift from Sif Muna
 12348 | Lair:3   | Learned a level 7 spell: Orb of Destruction
 12358 | Lair:3   | Identified the +2 leather armour of Icacud {Str+3} (You
                  | found it on level 2 of the Lair of Beasts)
 12470 | Lair:4   | Noticed an eight-headed hydra
 12507 | Lair:4   | Killed an eight-headed hydra
 12535 | Lair:4   | Gained mutation: Your casting is slightly disrupted.
                  | [Djinni growth]
 12535 | Lair:4   | Gained mutation: Your flesh is heat resistant. (rF+)
                  | [Djinni growth]
 12535 | Lair:4   | Gained mutation: You have an increased reservoir of magic.
                  | (+10% MP) [Djinni growth]
 12535 | Lair:4   | Gained mutation: You have a considerably increased
                  | reservoir of magic. (+20% MP) [Djinni growth]
 12535 | Lair:4   | Reached XP level 12. HP: 89/101 MP: 14/36
 12812 | Lair:4   | Noticed an eight-headed hydra
 12825 | Lair:4   | Killed an eight-headed hydra
 12999 | Lair:4   | Got an iridescent mace
 13498 | Lair:5   | Got a buzzing ring mail
 13502 | Lair:5   | Noticed a death yak
 13522 | Lair:5   | Killed a death yak
 13560 | Lair:5   | Noticed a five-headed hydra
 13565 | Lair:5   | Killed a five-headed hydra
 13566 | Lair:5   | Reached skill level 15 in Spellcasting
 13725 | Lair:5   | Found a staircase to the Spriggan Forest.
 13985 | Lair:5   | Noticed a death yak
 13986 | Lair:5   | Noticed a death yak
 13986 | Lair:5   | Noticed a death yak
 13989 | Lair:5   | Noticed a death yak
 13989 | Lair:5   | Killed a death yak
 13991 | Lair:5   | Killed a death yak
 13991 | Lair:5   | Killed a death yak
 13992 | Lair:5   | Reached skill level 10 in Dodging
 14064 | Lair:4   | Killed a death yak
 14442 | Lair:6   | Entered Level 6 of the Lair of Beasts
 14528 | Lair:5   | Reached XP level 13. HP: 80/111 MP: 30/38
 15188 | Lair:6   | Reached skill level 10 in Fighting
 16304 | Lair:6   | Noticed a dire elephant
 16304 | Lair:6   | Noticed a dire elephant
 16317 | Lair:6   | Killed a dire elephant
 16318 | Lair:6   | Received a gift from Sif Muna
 16323 | Lair:6   | Killed a dire elephant
 16326 | Lair:6   | Noticed a dire elephant
 16519 | Lair:6   | Killed a dire elephant
 16598 | Lair:6   | Learned a level 7 spell: Spellforged Servitor
 16687 | Lair:6   | Noticed a dire elephant
 16694 | Lair:6   | Killed a dire elephant
 17096 | D:9      | Found a blossoming altar of Fedhas.
 17314 | D:9      | Found a sparkling altar of Nemelex Xobeh.
 17828 | D:10     | Entered Level 10 of the Dungeon
 17834 | D:10     | Reached skill level 15 in Conjurations
 17913 | D:9      | Reached XP level 14. HP: 126/126 MP: 33/39
 17949 | D:9      | Identified the +3 mace "Widowmaker" {holy, rPois SInv} (You
                  | found it on level 4 of the Lair of Beasts)
 18387 | D:10     | Found a staircase to the Orcish Mines.
 18827 | D:10     | Identified Sif Muna's Tome of Darkness (Sif Muna gifted it
                  | to you on level 10 of the Dungeon)
 18827 | D:10     | Received a gift from Sif Muna
 19680 | D:11     | Found Beilif's Armour Shop.
 20447 | Orc      | Entered the Orcish Mines
 20707 | Orc      | Found a viscous altar of Jiyva.
 20723 | Orc      | Found a roughly hewn altar of Beogh.
 20735 | Orc      | Found a staircase to the Slime Pits.
 20735 | Orc      | Found a viscous altar of Jiyva.
 20762 | Orc      | Found a roughly hewn altar of Beogh.
 20909 | Orc      | Found a roughly hewn altar of Beogh.
 20976 | Orc      | Found Fuoqi's Distillery.
 20981 | Orc      | Bought a potion of experience for 700 gold pieces
 20981 | Orc      | Identified Huhokh's Reference Book on Shifting
                  | Weightlessness (Sif Muna gifted it to you in the Orcish
                  | Mines)
 20981 | Orc      | Received a gift from Sif Muna
 20981 | Orc      | Reached XP level 15. HP: 132/132 MP: 40/40
 20983 | Orc      | Bought a potion of haste for 140 gold pieces
 21042 | Orc      | Noticed an orc warlord
 21049 | Orc      | Killed an orc warlord
 21204 | Orc      | Found a roughly hewn altar of Beogh.
 21400 | Orc      | Noticed an orc warlord
 21556 | Orc      | Killed an orc warlord
 21723 | Orc      | Found Runlaidd's Antique Weapon Shoppe.
 21723 | Orc      | Found a roughly hewn altar of Beogh.
 21727 | Orc      | Found Kankyv's Antique Armour Emporium.
 21753 | Orc      | Bought an embroidered cloak for 210 gold pieces
 21783 | Orc      | Identified a scroll of acquirement
 21785 | Orc      | Identified the ring "Kefeferph" {*Corrode +Inv rElec MR-
                  | Str+8} (You acquired it in the Orcish Mines)
 21785 | Orc      | Identified Femipp's Papyrus of Conjuration (You acquired it
                  | in the Orcish Mines)
 21817 | Orc      | Identified the +4 chain mail of Geerat {Regen+ Stlth+}
 21878 | Orc      | Reached skill level 1 in Evocations
 22275 | Orc      | Found a roughly hewn altar of Beogh.
 22357 | Orc      | Found a roughly hewn altar of Beogh.
 22362 | Orc      | Found Eliwkiq's Food Shop.
 22401 | Orc      | Found a roughly hewn altar of Beogh.
 22447 | Orc      | Found a viscous altar of Jiyva.
 22447 | Orc      | Found a staircase to the Slime Pits.
 22447 | Orc      | Found a viscous altar of Jiyva.
 22526 | Orc      | Found a roughly hewn altar of Beogh.
 22633 | Orc      | Found a roughly hewn altar of Beogh.
 22923 | Orc      | Found Kankyv's Antique Armour Emporium.
 22924 | Orc      | Found a roughly hewn altar of Beogh.
 22927 | Orc      | Found Runlaidd's Antique Weapon Shoppe.
 22964 | Orc      | Found a roughly hewn altar of Beogh.
 22972 | Orc      | Found Fuoqi's Distillery.
 23122 | Orc      | Found a roughly hewn altar of Beogh.
 23287 | Spider:1 | Entered Level 1 of the Spider Nest
 23585 | Spider:1 | Reached skill level 5 in Evocations
 24481 | Spider:2 | Reached XP level 16. HP: 64/139 MP: 42/42
 24491 | Spider:2 | Identified Raez's Disquisition on Assistive Sinister Rites
                  | (Sif Muna gifted it to you on level 2 of the Spider Nest)
 24491 | Spider:2 | Received a gift from Sif Muna
 24778 | Spider:2 | Found a frozen archway.
 24784 | IceCv    | Entered an ice cave
 24821 | IceCv    | Learned a level 5 spell: Summon Mana Viper
 24879 | IceCv    | Got a scorched trident
 24883 | IceCv    | Identified the +5 trident "Jellybane" {elec, rF+ MP-9 SInv
                  | Stlth+} (You found it in an ice cave)
 24935 | IceCv    | Reached skill level 1 in Hexes
 25319 | IceCv    | Got a shimmering silver ring
 25326 | IceCv    | Identified the ring of the Muttering Ancients {Ice rN+
                  | Str+4 Int-4} (You found it in an ice cave)
 25332 | IceCv    | Got a fading battleaxe
 25333 | IceCv    | Identified the +3 battleaxe "Hafuuqu" {flame, +Fly MR+}
                  | (You found it in an ice cave)
 26267 | Spider:2 | Learned a level 5 spell: Iskenderun's Battlesphere
 26667 | Spider:3 | Entered Level 3 of the Spider Nest
 27078 | Orc      | Bought a pair of gloves for 126 gold pieces
 27377 | Spider:3 | Identified Sif Muna's Grimoire of Creative Bewitchment (Sif
                  | Muna gifted it to you on level 3 of the Spider Nest)
 27377 | Spider:3 | Received a gift from Sif Muna
 27393 | Spider:3 | Reached skill level 10 in Summonings
 28749 | Spider:3 | FUCK YOU
 28945 | Spider:3 | LOL
 29258 | Spider:3 | Reached skill level 15 in Fighting
 29950 | Spider:3 | Reached XP level 17. HP: 156/156 MP: 28/45
 30051 | Spider:3 | Got a gossamer rune of Zot
 30085 | Spider:3 | Learned a level 5 spell: Summon Lightning Spire
 30293 | Shoals:1 | Entered Level 1 of the Shoals
 30389 | Shoals:1 | Noticed Jorgrun
 30413 | Shoals:1 | Killed Jorgrun
 30527 | Shoals:1 | Found Tigokueh's Assorted Antiques.
 30549 | Shoals:1 | Bought a scroll of revelation for 136 gold pieces
 30576 | Shoals:1 | Reached skill level 1 in Air Magic
 31386 | Shoals:2 | Identified Sif Muna's Handbook of Glamour (Sif Muna gifted
                  | it to you on level 2 of the Shoals)
 31386 | Shoals:2 | Received a gift from Sif Muna
 32060 | Shoals:2 | Reached skill level 5 in Invocations
 32331 | Shoals:2 | Learned a level 3 spell: Regeneration
 33121 | Shoals:2 | Noticed a titan
 33142 | Shoals:2 | Killed a titan
 33559 | Shoals:3 | Entered Level 3 of the Shoals
 33900 | Forest:1 | Entered Level 1 of the Spriggan Forest
 34394 | Forest:1 | Slain by a spark wasp

Skill      XL: |  1  2  3  4  5  6  7  8  9 10 11 12 13 14 15 16 17 |
---------------+----------------------------------------------------+-----
Fire Magic     | 4 6 8 9 |  9.0
Spellcasting   | 4 5 7 8 12 14 15 16 17 | 17.0
Conjurations   | 2 3 5 8 10 12 13 15 16 17 | 17.0
Fighting       | 4 6 8 9 12 15 | 15.0
Dodging        | 7 10 11 | 11.9
Summonings     | 6 8 10 | 10.0
Evocations     | 7 |  7.0
Hexes          | 4 |  4.0
Invocations    | 7 |  7.0
Air Magic      | 4 |  4.0
Stealth        | |  1.5

Action                   |  1- 3 |  4- 6 |  7- 9 | 10-12 | 13-15 | 16-18 || total
-------------------------+-------+-------+-------+-------+-------+-------++-------
Melee: Unarmed           |       |     1 |       |       |       |       ||     1
       Trident           |       |    13 |   191 |    13 |   103 |       ||   320
       Mace              |       |       |       |       |    33 |    11 ||    44
       Staff             |       |       |       |       |    15 |    18 ||    33
       Battleaxe         |       |       |       |       |       |    10 ||    10
 Cast: Flame Tongue      |    71 |    79 |   213 |    40 |     6 |       ||   409
       Conjure Flame     |       |     5 |     7 |       |       |       ||    12
       Fireball          |       |       |    21 |   115 |   242 |   113 ||   491
       Sticky Flame      |       |       |     1 |    64 |   116 |    52 ||   233
       Orb of Destructio |       |       |       |       |    51 |   117 ||   168
       Spellforged Servi |       |       |       |       |     1 |    56 ||    57
       Summon Mana Viper |       |       |       |       |       |    14 ||    14
       Iskenderun's Batt |       |       |       |       |       |     1 ||     1
       Summon Lightning  |       |       |       |       |       |    28 ||    28
       Regeneration      |       |       |       |       |       |     2 ||     2
 Abil: Blink             |       |       |       |       |     8 |    12 ||    20
Evoke: Staff of power    |       |       |       |       |     6 |   185 ||   191
       Wand              |       |       |       |       |       |     1 ||     1
  Use: Scroll            |     3 |     5 |     4 |    11 |    11 |    14 ||    48
       Potion            |       |     4 |     1 |     1 |     1 |     6 ||    13
 Stab: Sleeping          |       |       |     1 |       |       |       ||     1
       Distracted        |       |       |       |       |       |     1 ||     1
  Eat: Chunk             |     4 |     6 |    29 |    22 |    51 |    40 ||   152
       Ration            |       |       |     4 |     2 |     2 |    10 ||    18
Armor: Robe              |     2 |    15 |   142 |    22 |   100 |   136 ||   417
       Skin              |       |       |    32 |       |       |       ||    32
Dodge: Dodged            |    27 |    41 |   200 |    72 |   271 |   334 ||   945
Block: Other             |       |       |       |       |       |    37 ||    37
       Reflection        |       |       |       |       |       |     8 ||     8
